cohdb
Replays
Latest Replays
All Replays
Popular Replays
Top Player Replays
Match Explorer
How It Works
Community
CoH3 Stats
Reddit
Sign in to upload your games and track your stats! →
Sign in with Steam
Match 43403251
Unlisted
Match 43403251
Overview
Messages
Build Orders
End
Construct Infanterie Kompanie
Kettenkrad Recon Vehicle
Grenadier Squad
Grenadier Squad
Grenadier Squad
Infanterie Officer Quarters
MG 42 Machine Gun Team
Construct Luftwaffe Kompanie
Construct Panzergrenadier Kompanie
Pioneer Squad
Pak 40 Anti-tank Gun Team
MG 42 Machine Gun Team
Construct Panzer Kompanie
Selects Luftwaffe Battlegroup
Selects Luftwaffe Pioneer Support
Selects LG40 Recoilless Gun Paradrop
Selects Infantry Reserves
Stoßtruppen Squad
Selects Stuka Strafing Run
Pak 40 Anti-tank Gun Team
A Hard Boiled Egg
a slut
ConcernedApe
Bald
0
0
Comments
sign in to comment!
No comments posted yet!